 Dungeon Crawl Stone Soup version 0.28.0-53-g5a82cb258f (webtiles) character file.

Game seed: 13858148027465968094

607 DemonSlayer the Magician (level 7, 0/48 HPs)
             Began as a Demonspawn Fire Elementalist on Aug 12, 2022.
             Slain by a centaur warrior zombie (2 damage)
             ... on level 5 of the Dungeon.
             The game lasted 00:09:52 (6331 turns).

DemonSlayer the Magician (DsFE)                     Turns: 6331, Time: 00:09:52

Health: 0/48       AC:  2    Str:  8    XL:     7   Next: 19%
Magic:  13/14      EV: 12    Int: 18    God:
Gold:   231        SH:  0    Dex: 14    Spells: 5/15 levels left

rFire   . . .      SeeInvis .   m - +0 morningstar
rCold   . . .      Faith    .   (no shield)
rNeg    . . .      Spirit   .   a - +0 robe
rPois   .          Reflect  .   k - +0 hat
rElec   .          Harm     .   (no cloak)
rCorr   .          Rampage  .   (no gloves)
Will    .....                   (no boots)
Stlth   ++........              (no amulet)
HPRegen 0.16/turn               (no ring)
MPRegen 0.28/turn               (no ring)

@: mighty
A: spiny 1, magic regeneration
a: no special abilities


You were on level 5 of the Dungeon.
You visited 1 branch of the dungeon, and saw 6 of its levels.

You collected 231 gold pieces.

Inventory:

Hand Weapons
 m - a +0 morningstar (weapon)
Missiles
 e - 3 silver boomerangs
Armour
 a - a +0 robe (worn)
 k - a +0 hat (worn)
Scrolls
 b - 2 scrolls of identify {unknown}
 g - a scroll of vulnerability {unknown}
 h - 3 scrolls of teleportation {unknown}
Potions
 c - a potion of mutation {unknown}
 i - a potion of brilliance {unknown}
 l - a potion of heal wounds {unknown}


   Skills:
 + Level 1.0 Fighting
 + Level 0.9 Maces & Flails
 + Level 2.7 Dodging
 + Level 2.6 Stealth
 + Level 0.2 Unarmed Combat
 + Level 4.9 Spellcasting
 + Level 2.0 Conjurations
 + Level 4.6 Fire Magic


You had 5 spell levels left.
You knew the following spells:

 Your Spells              Type           Power      Damage    Failure   Level
a - Foxfire               Conj/Fire      64%        2x1d7     3%          1
b - Scorch                Fire           42%        2d7       3%          2
c - Conjure Flame         Conj/Fire      16%        6-21      11%         3
d - Flame Wave            Conj/Fire      16%        2d6       34%         4

Your spell library contained the following spells:

 Spells                   Type           Power      Damage    Failure   Level
 Inner Flame              Hex/Fire       12%        N/A       16%         3


Dungeon Overview and Level Annotations

Branches:
Dungeon (6/15)
 Temple: D:4-7

Altars:
Dithmenos


Innate Abilities, Weirdness & Mutations

You are partially covered in sharp spines.
You regenerate magic rapidly.


Message History

You are too injured to fight recklessly!
Unknown command.
You are too injured to fight recklessly!
You are too injured to fight recklessly!
Unknown command.
You are too injured to fight recklessly!
You are too injured to fight recklessly!
Unknown command.
You hit the centaur warrior zombie.
The centaur warrior zombie is heavily damaged.
The centaur warrior zombie is struck by your spines.
The centaur warrior zombie hits you. The centaur warrior zombie kicks you.
* * * LOW HITPOINT WARNING * * *
The centaur warrior zombie hits you.
* * * LOW HITPOINT WARNING * * *
The centaur warrior zombie misses you.
Unknown command.
Unknown command.
It was a potion of might.
You feel very mighty all of a sudden.
The centaur warrior zombie is struck by your spines.
The centaur warrior zombie barely misses you.
The centaur warrior zombie closely misses you.
You thump the centaur warrior zombie!
The centaur warrior zombie is severely damaged.
The centaur warrior zombie misses you. The centaur warrior zombie kicks you.
* * * LOW HITPOINT WARNING * * *
The centaur warrior zombie closely misses you.
The centaur warrior zombie kicks you.
* * * LOW HITPOINT WARNING * * *
You sock the centaur warrior zombie!
The centaur warrior zombie is almost destroyed.
The centaur warrior zombie is no longer more vulnerable to fire.
The centaur warrior zombie is struck by your spines.
The centaur warrior zombie closely misses you.
The centaur warrior zombie barely misses you.
The centaur warrior zombie hits you.
* * * LOW HITPOINT WARNING * * *
The centaur warrior zombie kicks you.
You die...

.............#.'..........
...#.#.†###....#..........
...............##########'
...............# #...
...............# #...
...............# ####...
...#.###.##....# #......
...#. #..#....# #...... ..
#. ##@##+#.# #...... #Z#
.# #.....# ... ......
#.... ...... #..... ......
#.....# ..... ####..# ..#


You could see a centaur warrior zombie.

Vanquished Creatures
  A black bear (D:5)
  An ice beast (D:5)
  A centaur (D:5)
  An ogre (D:5)
  A bullfrog (D:3)
  A centaur zombie (D:5)
  A hound (D:5)
  A gnoll (D:2)
  2 adders (D:3)
  2 worms
  2 dart slugs
  13 orcs
  9 ball pythons
  7 bats
  10 endoplasms
  5 giant cockroaches
  9 goblins
  10 hobgoblins
  4 jackals (D:2)
  6 kobolds
  2 quokkas
  5 frilled lizards
  4 rats
98 creatures vanquished.

Vanquished Creatures (others)
  231 foxfires
231 creatures vanquished.

Grand Total: 329 creatures vanquished

Notes
Turn   | Place    | Note
-------+----------+-------------------------------------------
     0 | D:1      | DemonSlayer the Demonspawn Fire Elementalist began the
                  | quest for the Orb.
     0 | D:1      | Reached XP level 1. HP: 13/13 MP: 3/3
   628 | D:1      | Gained mutation: You are partially covered in sharp spines.
                  | [demonic ancestry]
   628 | D:1      | Reached XP level 2. HP: 19/19 MP: 0/5
  1591 | D:1      | Learned a level 2 spell: Scorch
  1607 | D:2      | Reached XP level 3. HP: 17/24 MP: 0/6
  2948 | D:2      | HP: 1/24 [goblin/stone (5)]
  3454 | D:2      | Reached XP level 4. HP: 30/30 MP: 1/8
  3673 | D:2      | Learned a level 3 spell: Conjure Flame
  4384 | D:3      | Noticed a bullfrog
  4393 | D:3      | Killed a bullfrog
  4394 | D:3      | Gained mutation: You regenerate magic rapidly. [demonic
                  | ancestry]
  4394 | D:3      | Reached XP level 5. HP: 33/36 MP: 1/10
  4466 | D:3      | Found a shadowy altar of Dithmenos.
  5120 | D:3      | Learned a level 4 spell: Flame Wave
  5579 | D:4      | You fall into a shaft and drop 1 floor!
  5579 | D:5      | Entered Level 5 of the Dungeon
  5599 | D:5      | Noticed an ogre
  5605 | D:5      | Killed an ogre
  5606 | D:5      | Reached XP level 6. HP: 42/42 MP: 6/12
  6213 | D:5      | Noticed an ice beast
  6221 | D:5      | Killed an ice beast
  6222 | D:5      | Reached skill level 1 in Fighting
  6222 | D:5      | Reached XP level 7. HP: 34/48 MP: 1/14
  6331 | D:5      | HP: 2/48 [centaur warrior zombie (1)]
  6331 | D:5      | Slain by a centaur warrior zombie

Illustrated notes

Levels and vault maps discovered:
D:1:      dpeg_arrival_rhombus, layout_basic, amcnicky_mini_corridor_feature
D:2:      cheibrodos_greedy_goblins, layout_loops_ring, hangedman_feature_mirror
D:3:      layout_loops_ring, nicolae_dithmenos_through_a_glass_darkly,
          kennysheep_generic_room_13
D:4:      layout_loops_corners, minmay_temple_entry_waves,
          hangedman_abyss_or_decor_stabs, minmay_quantized
D:5:      layout_basic
D:6:      layout_loops_ring, cheibrodos_sewer_entry_sluice, serial_shops,
          nicolae_shop_statue_plus, kennysheep_generic_room_12, uniq_pikel

Skill      XL: |  1  2  3  4  5  6 |
---------------+-------------------+-----
Stealth        | 2 |  2.6
Fire Magic     | 3 4 |  4.6
Spellcasting   | 3 4 |  4.9
Dodging        | 2 |  2.7
Conjurations   | 2 |  2.0
Fighting       | 1 |  1.0
Maces & Flails | |  0.9
Unarmed Combat | |  0.2

Action                   |  1- 3 |  4- 6 |  7- 9 || total
-------------------------+-------+-------+-------++-------
Melee: Unarmed           |    12 |       |       ||    12
       Club              |    17 |       |       ||    17
       Mace              |       |     8 |       ||     8
       Morningstar       |       |     6 |     7 ||    13
       Punch             |       |       |     1 ||     1
 Cast: Foxfire           |   129 |    13 |       ||   142
       Scorch            |       |    51 |     2 ||    53
  Use: Potion            |       |     2 |     1 ||     3
       Scroll            |       |     2 |       ||     2
 Stab: Sleeping          |     1 |       |       ||     1
Armor: Robe              |    18 |     3 |     2 ||    23
Dodge: Dodged            |    52 |    36 |    13 ||   101
